 Dungeon Crawl Stone Soup version 0.22-a0-799-g88f5e90 (webtiles) character file.

533774 Gaball the Slayer (level 27, -2/244 HPs)
             Began as a Formicid Fighter on July 21, 2018.
             Was an Elder of Ru.
             Slain by an acid blob (28 damage)
             ... created by the Royal Jelly
             ... on level 5 of the Pits of Slime on July 22, 2018.
             The game lasted 03:01:28 (57561 turns).

Gaball the Slayer (Formicid Fighter)               Turns: 57561, Time: 03:01:29

Health: -2/244     AC: 18    Str: 49    XL:     27
Magic:  29/29      EV: 24    Int: 18    God:    Ru [****..]
Gold:   5402       SH:  0    Dex: 13    Spells: 24/26 levels left

rFire    + + .     SeeInvis +   S - +7 glaive of Xuownioqu {drain, rElec rPois rC+ Str+3}
rCold    + . .     Gourm    .   H - +0 large shield
rNeg     . . .     Faith    .   a - +8 chain mail "Basargh" {rCorr}
rPois    +         Spirit   .   (helmet unavailable)
rElec    +         Reflect  +   B - +1 cloak of Starlight {rElec rC+ EV+4 Stlth--}
rCorr    +         Harm     .   z - +0 pair of gloves
MR       ++++.                  (no boots)
Stlth    ..........             l - brooch of Shielding {Reflect SH+8}
HPRegen  0.50/turn              J - ring "Irickab" {+Fly rF++ rC- Str+9 Int+3}
MPRegen  0.21/turn              E - +5 ring of evasion

@: confused, mighty, brilliant, agile, corroded, no scrolls, very slightly
contaminated, invisible (expiring)
A: permanent stasis, dig shafts and tunnels, four strong arms, antennae 3, claws
1, blurry vision 1, clumsy 1, low mp 1, magic resistance 2, screaming 2, subdued
magic 1, inability to read while threatened, inability to train dodging, no
earth magic, no necromancy magic, no translocations magic, disrupted magic 1
}: 2/15 runes: decaying, serpentine
a: Dig, Shaft Self, Draw Out Power, Power Leap, Renounce Religion, Evoke Flight


You were on level 5 of the Pits of Slime.
You worshipped Ru.
Ru was greatly pleased with you.
You were very hungry.

You visited 9 branches of the dungeon, and saw 48 of its levels.
You also visited: Labyrinth and Ice Cave.

You collected 7641 gold pieces.
You spent 2239 gold pieces at shops.

Inventory:

Hand Weapons
 M - the cursed +0 trident "Tameusod" {pierce, Dex+3, unknown}
   (You found it on level 5 of the Depths)

   It inflicts extra damage upon your enemies.
   It affects your dexterity (+3).
   It has a curse placed upon it.
 P - the +11 trident "Aclon" {freeze, +Inv rC++ Str-2}
   (You found it on level 7 of the Dungeon)

   It has been specially enchanted to freeze those struck by it, causing extra
   injury to most foes and up to half again as much damage against particularly
   susceptible opponents.
   It can also slow down cold-blooded creatures.
   It affects your strength (-2).
   It greatly protects you from cold.
   It lets you turn invisible.
 S - the +7 glaive of Xuownioqu (weapon) {drain, rElec rPois rC+ Str+3}
   (You found it on level 15 of the Dungeon)

   A truly terrible weapon, it drains the life of those it strikes.
   It affects your strength (+3).
   It protects you from cold.
   It insulates you from electricity.
   It protects you from poison.
Missiles
 o - 21 javelins of returning (quivered)
Armour
 a - the +8 chain mail "Basargh" (worn) {rCorr}
   (You found it on level 4 of the Depths)

   It provides partial protection from all sources of acid and corrosion.
 z - a +0 pair of gloves (worn)
 B - the +1 cloak of Starlight (worn) {rElec rC+ EV+4 Stlth--}
   (You bought it in a shop on level 2 of the Orcish Mines)

   It affects your evasion (+4).
   It protects you from cold.
   It insulates you from electricity.
   It makes you much less stealthy.
 H - a +0 large shield (worn)
Jewellery
 c - an uncursed amulet of harm {unknown}
 l - the brooch of Shielding (around neck) {Reflect SH+8}
   (You took it off a deep elf demonologist on level 3 of the Elven Halls)

   [amulet of reflection]

   It shields you and reflects attacks.
   It affects your SH (+8).
 n - an uncursed ring of resist corrosion
 v - a +2 amulet of reflection
 w - an uncursed ring of wizardry
 E - a +5 ring of evasion (right hand)
 J - the ring "Irickab" (left hand) {+Fly rF++ rC- Str+9 Int+3}
   (You bought it in a shop on level 14 of the Dungeon)

   [ring of intelligence]

   It affects your strength (+9).
   It affects your intelligence (+3).
   It greatly protects you from fire.
   It makes you vulnerable to cold.
   It lets you fly.
 L - the ring "Arill" {+Fly rElec rC- rN+ MR+}
   (You found it on level 5 of the Depths)

   [ring of positive energy]

   It makes you vulnerable to cold.
   It insulates you from electricity.
   It protects you from negative energy.
   It affects your resistance to hostile enchantments.
   It lets you fly.
Wands
 t - a wand of random effects (53)
 F - a wand of disintegration (13)
 G - a wand of enslavement (28)
 I - a wand of digging (69)
 R - a wand of acid (8)
 T - a wand of paralysis (30)
 U - a wand of flame (24)
 X - a wand of clouds (7)
 Z - a wand of iceblast (27)
Scrolls
 b - 2 scrolls of silence
 d - 8 scrolls of magic mapping
 j - 12 scrolls of amnesia
 m - a scroll of torment
 r - 6 scrolls of fear
 u - 5 scrolls of enchant weapon
 y - 5 scrolls of fog
 C - 10 scrolls of enchant armour
 N - 12 scrolls of remove curse
 O - 5 scrolls of brand weapon
 Q - a scroll of summoning
Potions
 e - 9 potions of mutation
 g - 2 potions of might
 h - a potion of degeneration {unknown}
 i - 13 potions of curing
 p - 7 potions of flight
 q - 2 potions of ambrosia
 s - 4 potions of magic
 x - a potion of resistance {unknown}
 A - 3 potions of brilliance
 D - 2 potions of cancellation
 K - 10 potions of heal wounds
 Y - a potion of invisibility
Miscellaneous
 k - a lightning rod (4/4)
Comestibles
 f - 68 rations


   Skills:
 + Level 25.9 Fighting
 - Level 20.0 Polearms
 + Level 25.4 Armour
 - Level 12.0 Stealth
 - Level 15.0 Shields
 + Level 13.4 Evocations


You had 24 spell levels left.
You knew the following spells:

 Your Spells              Type           Power        Failure   Level  Hunger
a - Song of Slaying       Chrm           #.......     7%          2    ###....

Your spell library contained the following spells:

 Spells                   Type           Power        Failure   Level  Hunger
 Cause Fear               Hex            #.........   34%         4    #####..
 Magic Dart               Conj           #...         4%          1    ##.....
 Fireball                 Conj/Fire      #.........   65%         5    ######.
 Apportation              Tloc           #.....       4%          1    ##.....
 Conjure Flame            Conj/Fire      #.......     13%         3    ####...
 Bolt of Fire             Conj/Fire      #.........   98%         6    #######
 Lightning Bolt           Conj/Air       #.........   65%         5    ######.
 Slow                     Hex            #.......     7%          2    ###....
 Confuse                  Hex            #.......     13%         3    ####...
 Invisibility             Hex            #.......     98%         6    #######
 Throw Flame              Conj/Fire      #.....       7%          2    ###....
 Throw Frost              Conj/Ice       #.....       7%          2    ###....
 Mephitic Cloud           Conj/Pois/Air  #.......     13%         3    ####...
 Ring of Flames           Chrm/Fire      #.........   100%        7    #######
 Summon Small Mammal      Summ           #...         4%          1    ##.....
 Blink                    Tloc           N/A          7%          2    ###....
 Iskenderun's Mystic Bla  Conj           #.......     34%         4    #####..
 Animate Dead             Necr           N/A          34%         4    #####..
 Pain                     Necr           #...         4%          1    ##.....
 Animate Skeleton         Necr           N/A          4%          1    ##.....
 Vampiric Draining        Necr           #.........   13%         3    ####...
 Freeze                   Ice            #...         4%          1    ##.....
 Sticky Flame             Conj/Fire      #.......     34%         4    #####..
 Summon Ice Beast         Ice/Summ       #.......     34%         4    #####..
 Ozocubu's Armour         Chrm/Ice       #.......     13%         3    ####...
 Call Imp                 Summ           #.......     7%          2    ###....
 Regeneration             Chrm/Necr      #.........   13%         3    ####...
 Sting                    Conj/Pois      #...         4%          1    ##.....
 Sublimation of Blood     Necr           #.........   7%          2    ###....
 Tukima's Dance           Hex            #.......     13%         3    ####...
 Summon Demon             Summ           #.........   65%         5    ######.
 Shock                    Conj/Air       #...         4%          1    ##.....
 Swiftness                Chrm/Air       #.......     7%          2    ###....
 Recall                   Summ/Tloc      N/A          13%         3    ####...
 Agony                    Necr           #.......     65%         5    ######.
 Spider Form              Tmut/Pois      #.........   13%         3    ####...
 Blade Hands              Tmut           #.........   65%         5    ######.
 Ice Form                 Ice/Tmut       #.......     34%         4    #####..
 Deflect Missiles         Chrm/Air       #.........   98%         6    #######
 Throw Icicle             Conj/Ice       #.......     34%         4    #####..
 Airstrike                Air            #.........   34%         4    #####..
 Shadow Creatures         Summ           N/A          98%         6    #######
 Confusing Touch          Hex            #.....       4%          1    ##.....
 Flame Tongue             Conj/Fire      #....        4%          1    ##.....
 Ignite Poison            Fire/Tmut/Pois #.......     13%         3    ####...
 Sticks to Snakes         Tmut           #.......     7%          2    ###....
 Ensorcelled Hibernation  Hex/Ice        #.....       7%          2    ###....
 Metabolic Englaciation   Hex/Ice        #.........   65%         5    ######.
 Summon Butterflies       Summ           #.......     4%          1    ##.....
 Silence                  Hex/Air        #.........   65%         5    ######.
 Shatter                  Erth           #.........   100%        9    #######
 Static Discharge         Conj/Air       #.......     13%         3    ####...
 Corona                   Hex            #......      4%          1    ##.....
 Alistair's Intoxication  Tmut/Pois      #.......     65%         5    ######.
 Excruciating Wounds      Chrm/Necr      #.........   65%         5    ######.
 Portal Projectile        Hex/Tloc       #.....       13%         3    ####...
 Petrify                  Tmut/Erth      #.......     34%         4    #####..
 Tornado                  Air            #.........   100%        9    #######
 Leda's Liquefaction      Hex/Erth       #.........   34%         4    #####..
 Shroud of Golubria       Chrm/Tloc      #.........   7%          2    ###....
 Inner Flame              Hex/Fire       #.......     13%         3    ####...
 Aura of Abjuration       Summ           #.........   65%         5    ######.
 Beastly Appendage        Tmut           #.....       4%          1    ##.....
 Fulminant Prism          Conj/Hex       #.........   34%         4    #####..
 Dazzling Spray           Conj/Hex       #.....       13%         3    ####...
 Force Lance              Conj/Tloc      #.......     34%         4    #####..
 Infusion                 Chrm           #...         4%          1    ##.....
 Spectral Weapon          Hex/Chrm       #.......     13%         3    ####...
 Searing Ray              Conj           #.....       7%          2    ###....
 Discord                  Hex            #.........   100%        8    #######
 Summon Forest            Summ/Tloc      #.........   65%         5    ######.
 Summon Guardian Golem    Hex/Summ       #.......     13%         3    ####...
 Summon Mana Viper        Hex/Summ       #.......     65%         5    ######.
 Irradiate                Conj/Tmut      #.........   65%         5    ######.
 Gell's Gravitas          Tloc           #.........   13%         3    ####...
 Yara's Violent Unravell  Hex/Tmut       #.........   65%         5    ######.
 Lesser Beckoning         Tloc           #.........   13%         3    ####...
 Ignition                 Fire           #.........   100%        8    #######


Dungeon Overview and Level Annotations

Branches:
Dungeon (15/15)            Temple (0/1) D:4            Lair (6/6) D:9
  Swamp (4/4) Lair:3        Snake (4/4) Lair:4        Slime (5/5) Lair:6
    Orc (2/2) D:10            Elf (3/3) Orc:2        Vaults (4/5) D:14
  Crypt (0/3) Vaults:3     Depths (5/5) D:15
    Zot: Depths:5

Altars:
Ashenzari
Cheibriados
Dithmenos
Elyvilon
Fedhas
Gozag
Makhleb
Qazlal
Ru
Uskayaw
Vehumet
Wu Jian
Yredelemnul
Zin
Beogh
Jiyva

Shops:
D:8 *   D:14 =   Orc:2 (([((   Elf:2 ?   Snake:2 !   Vaults:2 (   Vaults:3 [
Depths:1 }=}   Depths:4 *   Depths:5 (

Portals:
Hell: Depths:1 Depths:2 Depths:3 Depths:4 Depths:5
Abyss: Depths:2 Depths:4
Pandemonium: Depths:3 Depths:4 Depths:5
Ziggurat: Depths:1
Trove: Vaults:1 (give 14 potions of curing)

Annotations:
D:6 2 exclusions
D:8 3 runed doors, Wahll's ghost, novice GnCj; azzavlup's ghost, novice DsAK
Swamp:2 3 runed doors, Locan's ghost, adept DsEE; Scuka's ghost, journeyman SpEn; Vogy's ghost, journeyman DDFi; Xiecuja's ghost, adept VSAs


Innate Abilities, Weirdness & Mutations

You cannot be hasted, slowed, berserked, paralysed or teleported.
You can dig through walls and to a lower floor.
Your four strong arms can wield two-handed weapons with a shield.
You have a pair of large antennae on your head. (SInv)
Your magical capacity is low. (-10% MP)
You cannot read scrolls while threatened.
You cannot train Dodging skill.
You cannot study or cast Earth magic.
You cannot study or cast Necromancy magic.
You cannot study or cast Translocations magic.
Your casting is slightly disrupted.
You have sharp fingernails.
Scrolls take you a little longer to read.
You are clumsy. (Dex -2)
You are highly resistant to hostile enchantments. (MR++)
You sometimes yell uncontrollably at your foes.
Your spells are a little easier to cast, but a little less powerful.


Message History

* * * LOW HITPOINT WARNING * * *
You are splashed with acid!
The acid burns!
You resist.
* * * LOW HITPOINT WARNING * * *
The acid blob barely misses you.
Unknown command.
Quiver which item? (- for none, * to show all) (? for menu, Esc to quit)
Okay, then.
You feel much better. The acid blob completely misses you.
The azure jelly barely misses you.
The azure jelly completely misses you. x3
The azure jelly barely misses you.
The azure jelly completely misses you. x2
The azure jelly hits you but does no damage.
The acid blob closely misses you. The death ooze closely misses you.
The death ooze completely misses you. The acid blob spits acid at you.
The splash of acid hits you!
You are splashed with acid!
The acid burns!
You resist.
* * * LOW HITPOINT WARNING * * *
You redirect the acid blob's attack!
The acid blob hits you!!
You die...

#### #####..### ###
##........#####..#
###.........##.##..#####
................J......#
...............JJJJ....###
..............JJ@JJ......##
..............JJJJJ§......#
...............JJJJ§§§....#
................J§§§§§...###
..................§§§§.<...## ##
..................§§§.......##.##
................................#
...............................##
.................................


You could see 4 acid blobs, 4 azure jellies and 11 death oozes.

Vanquished Creatures
  the Royal Jelly (Slime:5)
  Mennas (Depths:3)
  2 juggernauts (Depths:5)
  2 caustic shrikes
  Bai Suzhen (Vaults:3)
  A golden dragon (Depths:5)
  Nikola (Depths:2)
  3 tentacled monstrosities
  4 liches
  A titan (Depths:3)
  Jorgrun (Depths:1)
  2 deep elf blademasters (Elf:3)
  A quicksilver dragon (Depths:4)
  2 deep elf master archers (Elf:3)
  5 sphinxes
  11 acid blobs
  An ancient champion (Depths:5)
  Kirke (Snake:3)
  4 storm dragons
  2 thorn hunters (Swamp:4)
  2 tengu reavers
  10 azure jellies
  16 nagarajas
  8 frost giants
  14 vault wardens
  4 deep elf sorcerers
  6 fire giants
  5 iron dragons
  An orc warlord (Vaults:4)
  6 deep elf elementalists
  2 spriggan defenders
  A draconian annihilator (Depths:5)
  11 ironheart preservers
  12 very ugly things
  15 stone giants
  Nessos (D:14)
  A vampire knight (Depths:3)
  2 dire elephants
  8 deep elf annihilators
  6 deep elf demonologists
  3 spark wasps
  7 deep elf death magi (Elf:3)
  2 death oozes (Slime:5)
  10 ettins
  11 yaktaur captains
  16 fire dragons
  11 ice dragons
  6 deep elf high priests
  8 vault guards
  5 great orbs of eyes
  22 hydras
  15 naga warriors
  Fannar (D:11)
  An ice dragon (shapeshifter) (Depths:5)
  A hell beast (Depths:4)
  14 ogre magi
  5 rakshasas
  A spriggan air mage (Depths:5)
  4 centaur warriors
  2 ghost crabs
  A two-headed ogre (shapeshifter) (Vaults:1)
  3 catoblepae (Lair:6)
  Erica (Lair:2)
  21 alligators
  An alligator snapping turtle (shapeshifter) (Vaults:1)
  8 anacondas
  A death knight (Vaults:1)
  4 tengu warriors
  25 dancing weapons
  21 death yaks
  35 two-headed ogres
  2 vampire magi
  12 deep troll earth magi
  5 deep troll shamans
  6 orc high priests
  7 spriggan berserkers
  A small abomination (Elf:3)
  A titan skeleton (Vaults:3)
  Nergalle (D:10)
  18 hell knights
  A soul eater (Depths:4)
  Sonja (Lair:3)
  26 deep elf knights
  20 naga sharpshooters
  10 skeletal warriors
  10 shock serpents
  2 iron trolls (Depths:1)
  4 salamander mystics
  26 deep trolls
  A flayed ghost (Depths:3)
  2 shadow wraiths (Vaults:2)
  An unseen horror (D:11)
  A spriggan druid (Swamp:4)
  7 naga ritualists
  2 sea snakes (Snake:4)
  12 swamp dragons
  2 shambling mangroves (Swamp:3)
  3 wizards
  A sphinx zombie (Vaults:3)
  13 deep elf archers
  A glowing orange brain (Depths:2)
  11 ironbrand convokers
  5 necromancers
  A harpy (shapeshifter) (Vaults:2)
  3 harpies (Vaults:3)
  24 orc knights
  3 phantasmal warriors (Vaults:1)
  11 mana vipers
  5 orc sorcerers
  65 deep elf magi
  5 wolf spiders
  4 shining eyes
  2 oklob plants (Lair:3)
  17 salamanders
  53 ugly things
  A cyclops (shapeshifter) (Depths:5)
  7 manticores
  4 cyclopes
  6 guardian serpents
  20 naga magi
  5 rust devils
  13 elephants
  10 vault sentinels
  2 ice statues (IceCv)
  19 spiny frogs
  2 stone giant skeletons (Vaults:3)
  4 frost giant skeletons
  7 gargoyles
  An eye of devastation (Slime:5)
  38 black mambas
  A komodo dragon (shapeshifter) (Depths:1)
  5 rime drakes
  6 komodo dragons
  A spiny frog (shapeshifter) (Depths:2)
  2 kobold demonologists (D:15)
  58 yaktaurs
  4 freezing wraiths
  A red devil (Depths:4)
  2 ice devils (Lair:1)
  4 tengu conjurers
  11 trolls
  A polar bear (Lair:6)
  A meliai (shapeshifter) (Vaults:2)
  A yaktaur skeleton (Vaults:3)
  8 tyrant leeches
  3 meliai (D:15)
  34 blink frogs
  A queen bee (Lair:3)
  13 bog bodies
  8 hippogriffs
  21 hornets
  A harpy skeleton (D:15)
  A hippogriff (shapeshifter) (Vaults:1)
  A meliai zombie (D:15)
  Prince Ribbit (Lair:1)
  5 dream sheep (Lair:5)
  96 slime creatures
  A stone giant simulacrum (Depths:1)
  2 air elementals (Elf:1)
  A tarantella (shapeshifter) (D:14)
  5 water elementals
  4 wraiths
  5 wyverns
  A vampire (D:14)
  27 spriggans
  6 shadows
  A human (shapeshifter) (Vaults:3)
  3 basilisks
  8 golden eyes
  2 golden eyes (shapeshifter)
  58 yaks
  A hungry ghost (D:11)
  A yaktaur simulacrum (Depths:1)
  7 hogs (Snake:3)
  3 fire elementals (Elf:1)
  37 vampire mosquitoes
  Menkaure (D:6)
  Edmund (D:6)
  A steam dragon (Lair:2)
  7 wargs
  18 swamp worms
  7 insubstantial wisps (Swamp:1)
  A soldier ant (D:14)
  3 acid dragons (Vaults:1)
  76 nagas
  16 water moccasins
  6 floating eyes
  6 porcupines
  A tengu skeleton (Depths:1)
  3 hell hounds (Depths:2)
  Duvessa (D:7)
  A hornet zombie (D:9)
  2 sky beasts
  12 swamp drakes
  An ice beast (shapeshifter) (Vaults:3)
  76 orc warriors
  A black bear (Lair:3)
  17 ice beasts
  12 boggarts
  7 eyes of draining
  5 phantoms
  7 human skeletons (Vaults:3)
  32 ogres
  13 wolves
  12 centaurs
  An elf simulacrum (Depths:4)
  15 crocodiles
  4 big kobolds
  Blork the orc (D:5)
  12 bullfrogs
  2 wyvern zombies
  2 earth elementals (Elf:1)
  An ogre simulacrum (Vaults:1)
  3 scorpions
  Dowan (D:7)
  A wyvern skeleton (D:12)
  31 killer bees
  4 wights (D:12)
  5 howler monkeys
  2 electric eels (Lair:3)
  10 crimson imps
  A bullfrog zombie (D:10)
  4 hounds
  2 human simulacra
  6 centaur zombies
  2 jellies
  A gnoll shaman (D:8)
  2 bullfrog skeletons
  27 orc priests
  Crazy Yiuf (D:3)
  5 iguanas
  25 orc wizards
  Natasha (thrice) (D:2)
  5 worker ants
  A killer bee zombie (D:5)
  A hound zombie (D:5)
  A howler monkey zombie (D:5)
  2 worker ant zombies (D:5)
  11 gnolls
  11 adders
  3 shadow imps
  2 white imps
  An ooze (D:1)
  5 dart slugs
  A leopard gecko (D:8)
  126 orcs
  A ball python (D:1)
  8 bats
  3 giant cockroaches
  7 goblins
  10 hobgoblins
  3 jackals (D:5)
  25 kobolds
  2 quokkas
  6 frilled lizards
  2 giant cockroach zombies (D:5)
  3 leopard gecko skeletons
  A quokka skeleton (D:7)
  9 rats
  A crawling corpse (Elf:3)
  A plant (Lair:3)
2227 creatures vanquished.

Vanquished Creatures (collateral kills)
  Donald (Vaults:2)
  A nagaraja (Snake:4)
  A naga warrior (Snake:2)
  An anaconda (Snake:2)
  A deep elf knight (Vaults:2)
  A tengu skeleton (Vaults:3)
  A guardian serpent (Snake:4)
  2 naga magi
  3 nagas
12 creatures vanquished.

Vanquished Creatures (others)
  A caustic shrike (Depths:5)
  A lich (Vaults:3)
  A deep elf sorcerer (Vaults:3)
  A stone giant (Depths:4)
  A war gargoyle (Vaults:1)
  A dire elephant (Depths:1)
  A minotaur (Lab)
  A fire dragon (Depths:1)
  3 yaktaur captains
  A rakshasa (Depths:2)
  2 hydras (Swamp:4)
  A dancing weapon (Elf:2)
  2 centaur warriors
  A two-headed ogre (Vaults:3)
  2 deep troll earth magi (Depths:1)
  A salamander mystic (Snake:2)
  A deep troll (Depths:2)
  A naga ritualist (Snake:4)
  A shambling mangrove (Swamp:2)
  A deep elf archer (Elf:2)
  A naga mage (Snake:3)
  A salamander (D:15)
  2 spiny frogs
  14 yaktaurs
  A slime creature (Depths:2)
  A fire bat (shapeshifter) (Depths:2)
  A spriggan (Swamp:4)
  4 nagas (Snake:4)
  A swamp drake (Swamp:4)
  An ogre (Depths:1)
  4 centaurs
  An orc priest (Vaults:1)
  2 orcs
  A kobold (D:12)
  A crawling corpse (Elf:3)
  7 fungi
  14 plants
  3 withered plants (D:8)
85 creatures vanquished.

Grand Total: 2324 creatures vanquished

Notes
Turn   | Place    | Note
-------+----------+-------------------------------------------
     0 | D:1      | Gaball the Formicid Fighter began the quest for the Orb.
     0 | D:1      | Reached XP level 1. HP: 18/18 MP: 1/1
    38 | D:1      | Reached XP level 2. HP: 24/24 MP: 2/2
   160 | D:1      | Reached XP level 3. HP: 25/29 MP: 3/3
   558 | D:1      | Reached XP level 4. HP: 35/35 MP: 4/4
  1049 | D:2      | Noticed Natasha
  1057 | D:2      | Killed Natasha
  1165 | D:2      | Reached XP level 5. HP: 37/41 MP: 5/5
  1182 | D:2      | Noticed Natasha
  1187 | D:2      | Killed Natasha
  1208 | D:2      | Noticed Natasha
  1493 | D:2      | Found a radiant altar of Vehumet.
  1556 | D:2      | Found a glowing silver altar of Zin.
  1580 | D:2      | Reached skill level 5 in Shields
  1607 | D:2      | Found a sacrificial altar of Ru.
  1607 | D:2      | Found a basalt altar of Yredelemnul.
  1607 | D:2      | Found a blossoming altar of Fedhas.
  1607 | D:2      | Found a stormy altar of Qazlal.
  1625 | D:2      | Found a shattered altar of Ashenzari.
  1685 | D:2      | Became a worshipper of Ru the Awakened
  1889 | D:2      | Killed Natasha
  2130 | D:3      | Reached XP level 6. HP: 47/47 MP: 6/6
  2212 | D:3      | Reached skill level 5 in Polearms
  2523 | D:3      | Noticed an ogre
  2535 | D:3      | Killed an ogre
  2714 | D:3      | Found a runed door.
  2786 | D:3      | Noticed Crazy Yiuf
  2792 | D:3      | Killed Crazy Yiuf
  2923 | D:4      | Noticed a phantom
  2948 | D:4      | Reached XP level 7. HP: 50/52 MP: 7/7
  3223 | D:4      | Found a shadowy altar of Dithmenos.
  3469 | D:4      | HP: 2/52 [ogre/giant spiked club (20)]
  3784 | D:4      | Reached XP level 8. HP: 60/60 MP: 8/8
  3816 | D:4      | Found an ornate altar of the Wu Jian Council.
  3837 | D:4      | Gained mutation: You cannot study or cast Earth magic. [Ru sacrifice]
  3837 | D:4      | Gained mutation: You cannot study or cast Necromancy magic. [Ru sacrifice]
  3837 | D:4      | Gained mutation: You cannot study or cast Translocations magic. [Ru sacrifice]
  3837 | D:4      | Reached * piety under Ru
  4502 | D:4      | Found a staircase to the Ecumenical Temple.
  4511 | D:4      | Found a snail-covered altar of Cheibriados.
  4520 | D:4      | Found an opulent altar of Gozag.
  4618 | D:5      | Entered Level 5 of the Dungeon
  4978 | D:5      | Gained mutation: You are robust. (+10% HP) [potion of mutation]
  4978 | D:5      | Gained mutation: Your magical capacity is low. (-10% MP) [potion of mutation]
  4978 | D:5      | Gained mutation: You have sharp fingernails. [potion of mutation]
  4978 | D:5      | Gained mutation: You are resistant to hostile enchantments. (MR+) [potion of mutation]
  4987 | D:5      | Noticed Blork the orc
  5010 | D:5      | Killed Blork the orc
  5030 | D:5      | Found a hide-covered altar of Uskayaw.
  5056 | D:5      | Reached skill level 5 in Fighting
  5240 | D:5      | Found a burning altar of Makhleb.
  5376 | D:5      | Reached XP level 9. HP: 68/74 MP: 8/8
  5763 | D:6      | Noticed Edmund
  5773 | D:6      | Killed Edmund
  6181 | D:6      | Noticed Menkaure
  6188 | D:6      | Killed Menkaure
  6382 | D:7      | Gained mutation: You cannot read scrolls while threatened. [Ru sacrifice]
  6382 | D:7      | Reached ** piety under Ru
  6400 | D:7      | Noticed Duvessa
  6400 | D:7      | Noticed Dowan
  6408 | D:7      | Killed Dowan
  6443 | D:7      | Killed Duvessa
  6865 | D:7      | Noticed a gargoyle
  6884 | D:7      | Killed a gargoyle
  6887 | D:7      | Noticed a gargoyle
  7098 | D:7      | Noticed a gargoyle
  7102 | D:8      | Found a runed gate.
  7102 | D:8      | Found a runed gate.
  7102 | D:8      | Found a runed gate.
  7102 | D:8      | Noticed azzavlup's ghost (novice DsAK)
  7103 | D:8      | Noticed Wahll's ghost (novice GnCj)
  7141 | D:8      | Found a white marble altar of Elyvilon.
  7145 | D:8      | Noticed a two-headed ogre
  7145 | D:8      | Noticed a two-headed ogre
  7248 | D:8      | Noticed a hippogriff
  7259 | D:8      | Killed a hippogriff
  7259 | D:8      | Reached XP level 10. HP: 73/84 MP: 9/9
  7286 | D:7      | Noticed a gargoyle
  7374 | D:8      | Reached skill level 10 in Polearms
  7558 | D:8      | Killed a two-headed ogre
  7752 | D:8      | Found Zenem's General Store.
  7762 | D:8      | Bought a scroll of identify for 26 gold pieces
  7762 | D:8      | Bought a scroll of identify for 26 gold pieces
  7762 | D:8      | Bought a scroll of enchant weapon for 97 gold pieces
  7839 | D:8      | Noticed a two-headed ogre
  7849 | D:8      | Killed a two-headed ogre
  8354 | D:8      | Killed a two-headed ogre
  8439 | D:9      | Found a snail-covered altar of Cheibriados.
  8587 | D:9      | Noticed a two-headed ogre
  8598 | D:9      | Killed a two-headed ogre
  8598 | D:9      | Reached skill level 5 in Armour
  8598 | D:9      | Reached XP level 11. HP: 62/95 MP: 9/9
  8779 | D:9      | Noticed a death yak
  8779 | D:9      | Noticed a death yak
  8779 | D:9      | Noticed a death yak
  8817 | D:9      | Found a staircase to the Lair.
  8903 | D:7      | Got a transparent trident
  8904 | D:7      | Identified the +11 trident "Aclon" {freeze, +Inv rC++ Str-2} (You found it on level 7 of the Dungeon)
  8958 | D:9      | Noticed a death yak
  8974 | D:9      | Killed a death yak
  8975 | D:9      | Noticed a death yak
  8976 | D:9      | Noticed a death yak
  8985 | D:9      | Killed a death yak
  8993 | D:9      | Killed a death yak
  9006 | D:9      | Killed a death yak
  9229 | D:9      | Killed a death yak
  9239 | D:9      | Killed a death yak
  9764 | D:10     | Entered Level 10 of the Dungeon
  9823 | D:10     | Reached XP level 12. HP: 71/106 MP: 10/10
  9848 | D:10     | Found a staircase to the Orcish Mines.
  9969 | D:10     | Reached skill level 10 in Fighting
 10026 | D:10     | Gained mutation: Your casting is slightly disrupted. [Ru sacrifice]
 10738 | Orc:1    | Entered Level 1 of the Orcish Mines
 10738 | Orc:1    | Noticed an ettin
 10759 | D:11     | Noticed Nergalle
 10770 | D:10     | Killed Nergalle
 10830 | D:11     | Found a glowing silver altar of Zin.
 11039 | D:11     | Noticed Fannar
 11061 | D:11     | Killed Fannar
 11077 | D:11     | Noticed an unseen horror
 11084 | D:11     | Killed an unseen horror
 11632 | D:12     | Noticed a two-headed ogre
 11634 | D:12     | Found a labyrinth entrance.
 11642 | D:12     | Killed a two-headed ogre
 11664 | Lab      | Entered a labyrinth
 12320 | Lab      | Noticed a minotaur
 12334 | Lab      | Killed a minotaur
 12334 | Lab      | Reached XP level 13. HP: 19/116 MP: 11/11
 12342 | Lab      | Got a faintly glowing amethyst amulet
 12645 | D:12     | Identified the amulet "Zuthyroi" {+Rage Str+5} (You found it in a labyrinth)
 12989 | D:12     | Noticed a seven-headed hydra
 12997 | D:12     | Killed a seven-headed hydra
 12997 | D:12     | Reached skill level 10 in Armour
 13188 | D:12     | Got a bloodstained scale mail
 13203 | D:12     | Identified the cursed +0 scale mail "Seaton" {MR+} (You took it off a big kobold on level 12 of the Dungeon)
 13617 | D:10     | Killed an ettin
 13878 | Orc:2    | Entered Level 2 of the Orcish Mines
 14365 | Orc:2    | Found Odwatoh's Antique Weapon Shoppe.
 15157 | Orc:2    | Found Osodaur's Weapon Shop.
 15157 | Orc:2    | Found Jacatare's Armour Shoppe.
 15171 | Orc:2    | Bought the +1 cloak of Starlight {rElec rC+ EV+4 Stlth--} for 623 gold pieces
 15171 | Orc:2    | Found the +1 cloak of Starlight {rElec rC+ EV+4 Stlth--}
 15211 | Orc:2    | Found a roughly hewn altar of Beogh.
 15271 | Orc:2    | Reached XP level 14. HP: 124/130 MP: 12/12
 15274 | Orc:2    | Found Petupp's Antique Weapon Shop.
 15274 | Orc:2    | Found Hoeschafo's Weapon Shoppe.
 15550 | Orc:2    | Found a staircase to the Elven Halls.
 15691 | Lair:1   | Entered Level 1 of the Lair of Beasts
 15730 | Lair:1   | Found a frozen archway.
 15751 | IceCv    | Entered an ice cave
 16391 | Lair:1   | Gained mutation: You cannot train Dodging skill. [Ru sacrifice]
 16391 | Lair:1   | Reached *** piety under Ru
 16391 | Lair:1   | Reached **** piety under Ru
 16512 | Lair:1   | Noticed Prince Ribbit
 16535 | Lair:1   | Killed Prince Ribbit
 17535 | Lair:2   | Noticed Erica
 17541 | Lair:2   | Killed Erica
 17548 | Lair:2   | Got an encrusted chain mail
 17559 | Lair:2   | Identified the +7 chain mail "Cisaucib" {*Corrode rElec SInv} (You found it on level 2 of the Lair of Beasts)
 17876 | Lair:3   | Reached skill level 15 in Fighting
 18021 | Lair:3   | Found a staircase to the Swamp.
 18036 | Lair:3   | Noticed Sonja
 18055 | Lair:3   | Killed Sonja
 18977 | Lair:3   | Reached XP level 15. HP: 136/141 MP: 13/13
 19789 | Lair:4   | Reached skill level 15 in Armour
 19850 | Lair:4   | Reached skill level 1 in Evocations
 19887 | Lair:4   | Found a staircase to the Snake Pit.
 21007 | Lair:6   | Entered Level 6 of the Lair of Beasts
 21573 | Lair:6   | Reached skill level 5 in Evocations
 21699 | Lair:6   | Reached XP level 16. HP: 154/154 MP: 18/18
 21930 | Lair:6   | Got an ichor-stained halberd
 21931 | Lair:6   | Identified the +7 halberd "Tezuhuo Xuco" {speed, Dex+4} (You found it on level 6 of the Lair of Beasts)
 22147 | Lair:6   | Found a viscous altar of Jiyva.
 22250 | Lair:6   | Found a staircase to the Slime Pits.
 22659 | Snake:1  | Entered Level 1 of the Snake Pit
 22822 | Snake:1  | Got a sparkling granite ring
 23631 | Snake:2  | Identified the ring "Joesedd" {rElec rPois MR+ Str-4 Int+3} (You found it on level 1 of the Snake Pit)
 23633 | Snake:2  | Got an iridescent spear
 23634 | Snake:2  | Identified the +8 spear "Imuteg" {speed, *Noise Str-4 SInv Stlth+} (You found it on level 2 of the Snake Pit)
 23696 | Snake:2  | Noticed a nagaraja
 23707 | Snake:2  | Killed a nagaraja
 23830 | Snake:2  | Found Qoxzesko's Distillery.
 24291 | Snake:2  | Noticed a nagaraja
 24307 | Snake:2  | Killed a nagaraja
 24372 | Snake:2  | Found an opulent altar of Gozag.
 24375 | Snake:2  | Bought a potion of invisibility for 112 gold pieces
 24375 | Snake:2  | Bought a potion of heal wounds for 70 gold pieces
 24393 | Snake:2  | Noticed a nagaraja
 24402 | Snake:2  | Killed a nagaraja
 24724 | Snake:2  | Reached XP level 17. HP: 153/163 MP: 14/19
 25210 | Snake:3  | Reached skill level 15 in Polearms
 25630 | Snake:3  | Noticed Kirke
 25634 | Snake:3  | Noticed a sphinx
 25669 | Snake:3  | Noticed a sphinx
 25670 | Snake:3  | Killed Kirke
 27522 | Snake:4  | Entered Level 4 of the Snake Pit
 27820 | Snake:4  | Reached XP level 18. HP: 174/174 MP: 20/20
 29938 | Snake:4  | Got a ruby-encrusted ring mail
 29949 | Snake:4  | Identified the +0 ring mail of Bedevilment {rCorr Int-2 Dex+6 Stlth+} (You found it on level 4 of the Snake Pit)
 30034 | Snake:4  | Got a serpentine rune of Zot
 30690 | Swamp:1  | Entered Level 1 of the Swamp
 30736 | Swamp:1  | Reached XP level 19. HP: 181/185 MP: 21/21
 31884 | Swamp:2  | Found a runed gate.
 32087 | Swamp:2  | Found a runed gate.
 32087 | Swamp:2  | Found a runed gate.
 32087 | Swamp:2  | Noticed Scuka's ghost (journeyman SpEn)
 32087 | Swamp:2  | Noticed Xiecuja's ghost (adept VSAs)
 32087 | Swamp:2  | Noticed Vogy's ghost (journeyman DDFi)
 32087 | Swamp:2  | Noticed Locan's ghost (adept DsEE)
 33951 | Swamp:4  | Entered Level 4 of the Swamp
 34694 | Swamp:4  | Reached XP level 20. HP: 185/198 MP: 22/22
 35008 | Swamp:4  | Got a decaying rune of Zot
 35756 | D:13     | Reached skill level 10 in Shields
 36076 | D:14     | Mutation became permanent: Your magical capacity is low. (-10% MP) [Ru sacrifice]
 36076 | D:14     | Gained mutation: Your magical capacity is low. (-10% MP) [Ru sacrifice]
 36248 | D:14     | Found Qafopi's Jewellery Shoppe.
 36256 | D:14     | Bought the ring "Irickab" {+Fly rF++ rC- Str+9 Int+3} for 758 gold pieces
 36413 | D:14     | Noticed Nessos
 36424 | D:14     | Killed Nessos
 36626 | D:14     | Found a gate to the Vaults.
 36695 | D:15     | Entered Level 15 of the Dungeon
 37171 | D:15     | Got an ancient glaive
 37172 | D:15     | Identified the +7 glaive of Xuownioqu {drain, rElec rPois rC+ Str+3} (You found it on level 15 of the Dungeon)
 37346 | D:15     | Found a staircase to the Depths.
 37709 | Depths:1 | Entered Level 1 of the Depths
 37709 | Depths:1 | Found a gateway to a ziggurat.
 38439 | Depths:1 | Noticed Jorgrun
 38453 | Depths:1 | Killed Jorgrun
 38514 | Depths:1 | Found a gateway to Hell.
 39253 | Depths:1 | Reached XP level 21. HP: 206/206 MP: 23/23
 39541 | Depths:1 | Got a bloodstained plate armour
 39552 | Depths:1 | Identified the +3 plate armour of the Desolation of Salt {rElec MR+ Dex-2} (You found it on level 1 of the Depths)
 39676 | Depths:1 | Found Heasmij's Gadget Shop.
 39676 | Depths:1 | Found Methoxig's Jewellery Emporium.
 39677 | Depths:1 | Found Muevive Ilixt's Gadget Shop.
 41410 | Depths:2 | Found a one-way gate to the infinite horrors of the Abyss.
 41500 | Depths:2 | Noticed Nikola
 41566 | Depths:2 | Killed Nikola
 41606 | Depths:2 | Reached XP level 22. HP: 174/215 MP: 24/24
 41983 | Vaults:1 | Entered Level 1 of the Vaults
 43132 | Vaults:1 | Reached skill level 15 in Shields
 43445 | Vaults:1 | Found a portal to a secret trove of treasure.
 43696 | Vaults:1 | Found the +7 longbow "Piercer" {penet, EV-2}
 43761 | Vaults:1 | Identified the +3 lajatang of Maheixin {elec, rPois Str-3 SInv} (You found it on level 1 of the Vaults)
 43762 | Vaults:1 | Identified 2 scrolls of acquirement
 44036 | Vaults:2 | Noticed Donald
 44044 | Vaults:2 | Killed Donald
 44063 | Vaults:2 | Identified the Compendium of Glory
 44074 | Vaults:2 | Learned a level 2 spell: Song of Slaying
 44180 | Vaults:2 | Reached XP level 23. HP: 213/224 MP: 25/25
 44781 | Vaults:2 | Found Xoulitug's Antique Weapon Shop.
 45286 | Vaults:3 | Noticed Bai Suzhen
 45303 | Vaults:3 | Killed Bai Suzhen
 45980 | Vaults:3 | Found Kyigat Kaaq's Antique Armour Emporium.
 46149 | Vaults:3 | Found a staircase to the Crypt.
 46758 | Vaults:4 | Reached XP level 24. HP: 214/235 MP: 25/25
 48315 | Elf:1    | Entered Level 1 of the Elven Halls
 49371 | Elf:2    | Found Borghac's Magic Scroll Boutique.
 49422 | Elf:2    | Bought 2 scrolls of enchant armour for 240 gold pieces
 49422 | Elf:2    | Bought a scroll of identify for 32 gold pieces
 49942 | Elf:2    | Found a runed gate.
 49942 | Elf:2    | Found a runed gate.
 49943 | Elf:2    | Found a runed gate.
 50263 | Elf:2    | Reached XP level 25. HP: 246/246 MP: 25/25
 50408 | Elf:3    | Entered Level 3 of the Elven Halls
 50439 | Elf:3    | Reached skill level 1 in Stealth
 51498 | Elf:3    | Reached skill level 5 in Stealth
 51947 | Elf:3    | Got a twitching copper ring
 52192 | Elf:3    | Got a smelly plate armour
 52203 | Elf:3    | Identified the +7 plate armour "Axtareg" {rF- rC+ Str+2} (You found it on level 3 of the Elven Halls)
 52206 | Elf:3    | Identified the Grimoire of Malediction and the Entourage
 52220 | Elf:3    | Identified the ring of Gopron {rElec Str+4 Int-2 Stlth+} (You took it off a deep elf annihilator on level 3 of the Elven Halls)
 52230 | Elf:3    | Got a faintly humming ring mail
 52241 | Elf:3    | Identified the +2 ring mail "Meotoil" {Dex+4} (You found it on level 3 of the Elven Halls)
 52659 | Depths:3 | Noticed Mennas
 52672 | Depths:3 | Killed Mennas
 52785 | Depths:3 | Got a translucent chain mail
 52796 | Depths:3 | Identified the +7 chain mail of Bad Feelings {rCorr} (You found it on level 3 of the Depths)
 53505 | Depths:3 | Found a one-way gate leading to the halls of Pandemonium.
 53681 | Depths:3 | Reached XP level 26. HP: 241/257 MP: 27/27
 54086 | Depths:4 | Found Etaqun's Assorted Antiques.
 54112 | Depths:4 | Reached skill level 10 in Evocations
 54240 | Depths:4 | Identified the Disquisition on Damaging Ignition
 54258 | Depths:4 | Got a smoking chain mail
 54272 | Depths:4 | Identified the +8 chain mail "Basargh" {rCorr} (You found it on level 4 of the Depths)
 54634 | Depths:4 | Bought a scroll of enchant armour for 255 gold pieces
 54693 | Depths:4 | Got a crude scale mail
 54704 | Depths:4 | Identified the cursed +0 scale mail of the Hart {+Inv rPois rC+++ Slay-4} (You found it on level 4 of the Depths)
 54807 | Depths:5 | Entered Level 5 of the Depths
 54846 | Depths:5 | Reached skill level 10 in Stealth
 54932 | Depths:5 | Got a steaming iron ring
 54938 | Depths:5 | Identified the ring "Arill" {+Fly rElec rC- rN+ MR+} (You found it on level 5 of the Depths)
 55195 | Depths:5 | Found Gian's Weapon Shop.
 55464 | Depths:5 | Noticed a juggernaut
 55482 | Depths:5 | Killed a juggernaut
 55791 | Depths:5 | Identified the ring "Qiemnih" {rElec SInv} (You found it on level 5 of the Depths)
 55824 | Depths:5 | Noticed a juggernaut
 55826 | Depths:5 | Reached XP level 27. HP: 242/266 MP: 28/28
 55831 | Depths:5 | Killed a juggernaut
 55844 | Depths:5 | Got an iridescent trident
 56289 | Slime:1  | Entered Level 1 of the Pits of Slime
 56743 | Slime:5  | Entered Level 5 of the Pits of Slime
 56974 | Slime:5  | Gained mutation: Your spells are a little easier to cast, but a little less powerful. [a shining eye]
 56976 | Slime:5  | Gained mutation: Scrolls take you a little longer to read. [a shining eye]
 57005 | Slime:5  | Gained mutation: You are highly resistant to hostile enchantments. (MR++) [a shining eye]
 57036 | Slime:5  | Gained mutation: You occasionally shout uncontrollably at your foes. [a shining eye]
 57037 | Slime:5  | Gained mutation: You are clumsy. (Dex -2) [a shining eye]
 57039 | Slime:5  | Lost mutation: You are robust. (+10% HP) [a shining eye]
 57040 | Slime:5  | Gained mutation: You sometimes yell uncontrollably at your foes. [a shining eye]
 57291 | Slime:5  | Found a viscous altar of Jiyva.
 57537 | Slime:5  | Noticed the Royal Jelly
 57554 | Slime:5  | Killed the Royal Jelly
 57560 | Slime:5  | HP: 11/244 [acid[the Royal Jelly] (9)]
 57561 | Slime:5  | Slain by an acid blob

Vault maps used:
D:1:      shiori_arrival_oz
D:2:      nicolae_overflow_hidden_temple, grunt_temple_overflow_open,
          lemuel_round_altar, first_ration, grunt_ministairs_11,
          minmay_misc_feat_nine_boxes, minmay_tetromino_i2, uniq_natasha
D:3:      uniq_crazy_yiuf_cottage
D:4:      overflow_temple_1_default, lemuel_round_altar,
          nicolae_overflow_crystal_walls, minmay_temple_entry_from_below_a,
          cheibriados_altar_1
D:5:      lemuel_round_altar, lightli_temple_of_fire, uniq_blork_the_orc
D:6:      nicolae_whirlpool, uniq_edmund, uniq_menkaure
D:7:      cheibrodos_statue_roulette, minmay_fire_ice_demons, uniq_duvessa
D:8:      serial_shops, nicolae_shop_window_shopping, basic_altar,
          gammafunk_ghost_cemetery
D:9:      lemuel_crystal_altar, dpeg_lair_monsters
D:10:     erik_orc_3
D:11:     basic_altar, uniq_nergalle, uniq_fannar
D:12:     lab_entry_generic, hangedman_stone_soup
D:14:     david_vaults_1, serial_shops, shop_statue, corexii_leaking_fountain,
          uniq_nessos
D:15:     hangedman_depths_entry_try_elsewhere_first,
          minmay_misc_feat_more_columns
Lair:1:   portal_ice_cave_demonic_guard, minivault_11, uniq_prince_ribbit2
Lair:2:   uniq_erica
Lair:3:   regret_index_combs_of_tragedy, swamp_mist_pool,
          minmay_lair_oklob_chamber, uniq_sonja
Lair:4:   minmay_snake_entry_guardpost_medium
Lair:6:   evilmike_catoblepas_cave, slime_altar_1
Swamp:1:  evilmike_swamp_ruin_rubble_1
Swamp:2:  gammafunk_ghost_cemetery, serial_swamp_ruin,
          evilmike_swamp_ruin_house_6, evilmike_swamp_ruin_wall,
          evilmike_swamp_ruin_house_3
Swamp:3:  infiniplex_staircase_pool_2, swamp_pool4
Swamp:4:  swamp_basic_johnstein
Snake:2:  serial_shops, shop, basic_altar, guppyfry_library_mini
Snake:3:  onia_ninara_swampy_vault, uniq_kirke
Snake:4:  johnstein_snake_rune_scales, grunt_megastairs_3, serial_bayou_shore_a
Orc:2:    st_orc_town, serial_shops, shop
Elf:1:    elf_arrival_002, minivault_28
Elf:2:    serial_shops, shop, small_chamber_with_monster
Elf:3:    elf_hall_gauntlet_wide
Vaults:1: v_misc_19, hangedman_vaults_trim, vaults_mumra_minichess,
          v_alt_pattern_1, minmay_guarded_unrand_secular_launcher,
          hangedman_vaults_nodes, nicolae_vaults_big_ls, v_misc_14,
          vaults_room_door_hall, dpeg_vaults_monster_box, v_alt_pattern_1,
          ontoclasm_vaults_claustrophobia, nicolae_vaults_little_squares_1,
          ontoclasm_vaults_tryst, nicolae_vaults_diagonal_hallway_9,
          nicolae_trove_entry_diagonal
Vaults:2: v_pattern_2, v_misc_2, v_misc_27, v_rooms_3, vaults_room_door_ring,
          v_rooms_4, v_misc_16, hangedman_vaults_locks, grunt_vaults_diagonal,
          vaults_dpeg_diagonal, nicolae_vaults_angled_halls, serial_shops, shop,
          uniq_donald
Vaults:3: v_misc_4, hangedman_vaults_impose, minmay_crypt_entry_skeletal_spiral,
          hangedman_vaults_capsules, grunt_vaults_focal,
          nicolae_vaults_gold_heap, nicolae_vaults_stairing_the_circle,
          vaults_standard_mumra_x, ontoclasm_vaults_chip,
          ontoclasm_vaults_hangar, nicolae_vaults_diagonal_hallway_7,
          v_alt_pattern_5, serial_shops, shop, uniq_bai_suzhen
Vaults:4: v_alt_pattern_2, special_room_vaults, nicolae_vaults_circle_grid_a,
          ontoclasm_vaults_bender, nicolae_vaults_little_ls,
          nicolae_vaults_border_crossing, grunt_vaults_twisty, v_misc_14,
          vaults_room_door_hall
Depths:1: kennysheep_ogre_elephant_herders, enter_ziggurat_a,
          grunt_decor_fettered, hell_entry, hangedman_abyss_or_decor_stabs,
          minmay_metal_thing, grunt_megastairs_4, minmay_shop_grove,
          serial_bayou_shore_b, uniq_jorgrun
Depths:2: hangedman_stitches_corridor, abyss_entry, hell_entry, special_room,
          nrook_pool_corridor, minmay_staircase_windowed_small, uniq_nikola
Depths:3: minmay_spriggan_fort, rand_demon_pan_entry_4,
          serial_sigils_hangedman_scratch, hell_entry,
          infiniplex_staircase_pool_1, uniq_mennas
Depths:4: minmay_the_grid_four_pointed_star, grunt_mini_vestibule, pan_entry,
          nicolae_water_bricks, abyss_entry, serial_shops,
          nicolae_shop_overgrown_old_shop, infiniplex_staircase_zigzag_1
Depths:5: hangedman_spin_cycle, abyss_entry, pan_entry, hell_entry
IceCv:    ice_cave_small_dragons

Skill      XL: |  1  2  3  4  5  6  7  8  9 10 11 12 13 14 15 16 17 18 19 20 21 22 23 24 25 26 27 |
---------------+----------------------------------------------------------------------------------+-----
Shields        | 4 5 6 7 8 9 11 13 15 | 15.0
Polearms       | 3 4 5 6 8 9 11 13 14 15 16 17 18 20 | 20.0
Fighting       | 5 6 8 9 11 13 15 16 17 18 20 21 22 23 24 25 | 25.9
Armour         | 5 7 9 12 14 15 16 17 19 20 21 22 23 24 25 | 25.4
Evocations     | 5 6 9 11 13 | 13.4
Stealth        | 8 11 12 | 12.0

Action                   |  1- 3 |  4- 6 |  7- 9 | 10-12 | 13-15 | 16-18 | 19-21 | 22-24 | 25-27 || total
-------------------------+-------+-------+-------+-------+-------+-------+-------+-------+-------++-------
Melee: Trident           |    71 |   173 |   563 |   540 |  1464 |  1437 |  1107 |       |       ||  5355
       Halberd           |       |       |       |       |       |    86 |       |       |       ||    86
       Glaive            |       |       |       |       |       |       |   637 |  1543 |  1333 ||  3513
Throw: Javelin           |       |       |       |       |       |       |     1 |       |       ||     1
Invok: Sacrifice Arcana  |       |       |     1 |       |       |       |       |       |       ||     1
       Sacrifice Words   |       |       |     1 |       |       |       |       |       |       ||     1
       Reject Sacrifices |       |       |       |     1 |       |       |     2 |     2 |     1 ||     6
       Sacrifice Essence |       |       |       |     1 |       |       |     1 |       |       ||     2
       Sacrifice Nimblen |       |       |       |       |     1 |       |       |       |       ||     1
       Power Leap        |       |       |       |       |       |     1 |       |       |       ||     1
 Abil: Evoke Invisibilit |       |       |       |       |       |     1 |     1 |       |       ||     2
       Evoke Flight      |       |       |       |       |       |       |     4 |       |       ||     4
Evoke: Wand              |       |       |    11 |     2 |     3 |    12 |    19 |    10 |    14 ||    71
       Sack of spiders   |       |       |       |       |       |       |       |     7 |       ||     7
  Use: Potion            |       |     1 |     1 |     1 |       |    10 |     2 |     3 |    17 ||    35
       Scroll            |       |     5 |     5 |     3 |    10 |     6 |     6 |     7 |     5 ||    47
 Stab: Distracted        |       |       |     1 |     1 |     3 |     3 |     3 |     5 |     4 ||    20
       Invisible         |       |       |       |     1 |     4 |     3 |     8 |     6 |     3 ||    25
       Confused          |       |       |       |       |       |       |     1 |     1 |       ||     2
       Paralysed         |       |       |       |       |       |       |       |     1 |       ||     1
  Eat: Chunk             |       |     7 |    11 |    14 |    26 |    20 |    36 |    29 |    17 ||   160
       Ration            |       |       |     1 |     1 |     1 |     3 |     1 |       |     2 ||     9
Armor: Scale mail        |    23 |     2 |       |       |       |       |       |       |       ||    25
       Chain mail        |       |    44 |    66 |       |    86 |   248 |   425 |   146 |   208 ||  1223
       Ring mail         |       |       |    60 |    48 |    84 |       |       |       |       ||   192
       Plate armour      |       |       |       |       |       |       |       |       |    18 ||    18
Dodge: Dodged            |    14 |    27 |   100 |    94 |   407 |   332 |   618 |   241 |   372 ||  2205
Block: Shield            |    26 |    55 |   189 |   179 |   411 |   458 |   870 |    78 |       ||  2266
       Reflection        |       |       |       |    15 |     2 |    70 |    65 |   120 |    76 ||   348
       Large shield      |       |       |       |       |       |       |       |   685 |  1070 ||  1755

Table legend:
 A = Spawn XP
 B = Non-spawn XP
 C = Spawn XP percentage of total XP
 D = Spawn monster count
 E = Non-spawn monster count
 F = Spawn count percentage of total count
 G = Total turns spent on level
                    A         B        C        D         E        F      G
               +---------+---------+-------+---------+---------+-------+---------
         Total |       0 | 1153870 |   0.0 |       0 |    2282 |   0.0 | 57561
               +---------+---------+-------+---------+---------+-------+---------
           D:1 |       0 |      77 |   0.0 |       0 |      30 |   0.0 |   984
           D:2 |       0 |     191 |   0.0 |       0 |      19 |   0.0 |  1141
           D:3 |       0 |     244 |   0.0 |       0 |      21 |   0.0 |   932
           D:4 |       0 |     804 |   0.0 |       0 |      18 |   0.0 |  1561
           D:5 |       0 |     757 |   0.0 |       0 |      30 |   0.0 |  1024
           D:6 |       0 |     490 |   0.0 |       0 |       9 |   0.0 |   869
           D:7 |       0 |    1839 |   0.0 |       0 |      28 |   0.0 |   795
           D:8 |       0 |    3434 |   0.0 |       0 |      17 |   0.0 |  1215
           D:9 |       0 |    7133 |   0.0 |       0 |      21 |   0.0 |  1343
          D:10 |       0 |    5216 |   0.0 |       0 |      59 |   0.0 |  1328
          D:11 |       0 |    3940 |   0.0 |       0 |      10 |   0.0 |   702
          D:12 |       0 |    6924 |   0.0 |       0 |      48 |   0.0 |  1182
          D:13 |       0 |    5643 |   0.0 |       0 |      29 |   0.0 |   736
          D:14 |       0 |   11455 |   0.0 |       0 |      37 |   0.0 |  1072
          D:15 |       0 |   19862 |   0.0 |       0 |      61 |   0.0 |  2003
        Lair:1 |       0 |    4182 |   0.0 |       0 |      16 |   0.0 |   712
        Lair:2 |       0 |    6436 |   0.0 |       0 |      26 |   0.0 |   928
        Lair:3 |       0 |   16647 |   0.0 |       0 |      78 |   0.0 |  1689
        Lair:4 |       0 |    7691 |   0.0 |       0 |      38 |   0.0 |   900
        Lair:5 |       0 |    7975 |   0.0 |       0 |      24 |   0.0 |   943
        Lair:6 |       0 |   22954 |   0.0 |       0 |      67 |   0.0 |  1448
       Swamp:1 |       0 |    7350 |   0.0 |       0 |      22 |   0.0 |   682
       Swamp:2 |       0 |   14608 |   0.0 |       0 |      37 |   0.0 |  1186
       Swamp:3 |       0 |   23611 |   0.0 |       0 |      54 |   0.0 |  1564
       Swamp:4 |       0 |   31820 |   0.0 |       0 |      59 |   0.0 |  1134
       Snake:1 |       0 |   10916 |   0.0 |       0 |      26 |   0.0 |   895
       Snake:2 |       0 |   28089 |   0.0 |       0 |      45 |   0.0 |  1700
       Snake:3 |       0 |   41697 |   0.0 |       0 |      85 |   0.0 |  2347
       Snake:4 |       0 |   65902 |   0.0 |       0 |     110 |   0.0 |  3032
       Slime:1 |       0 |   12785 |   0.0 |       0 |      23 |   0.0 |   296
       Slime:2 |       0 |    4827 |   0.0 |       0 |      16 |   0.0 |    77
       Slime:3 |       0 |    9213 |   0.0 |       0 |      12 |   0.0 |    75
       Slime:5 |       0 |   58517 |   0.0 |       0 |      51 |   0.0 |   818
         Orc:1 |       0 |    4094 |   0.0 |       0 |      43 |   0.0 |   622
         Orc:2 |       0 |    9156 |   0.0 |       0 |      80 |   0.0 |  1298
         Elf:1 |       0 |   25819 |   0.0 |       0 |      44 |   0.0 |  1085
         Elf:2 |       0 |   31437 |   0.0 |       0 |      45 |   0.0 |  1083
         Elf:3 |       0 |   65214 |   0.0 |       0 |      70 |   0.0 |  1924
      Vaults:1 |       0 |   74132 |   0.0 |       0 |     107 |   0.0 |  1641
      Vaults:2 |       0 |   35921 |   0.0 |       0 |      69 |   0.0 |  1205
      Vaults:3 |       0 |   76337 |   0.0 |       0 |     121 |   0.0 |  1705
      Vaults:4 |       0 |   67717 |   0.0 |       0 |     112 |   0.0 |  1400
      Depths:1 |       0 |   51231 |   0.0 |       0 |      72 |   0.0 |  1449
      Depths:2 |       0 |   75294 |   0.0 |       0 |      79 |   0.0 |  1978
      Depths:3 |       0 |   57531 |   0.0 |       0 |      74 |   0.0 |  1400
      Depths:4 |       0 |   43136 |   0.0 |       0 |      39 |   0.0 |   784
      Depths:5 |       0 |   86993 |   0.0 |       0 |      80 |   0.0 |  1109
           Lab |       0 |    1239 |   0.0 |       0 |       1 |   0.0 |   976
         IceCv |       0 |    5390 |   0.0 |       0 |      20 |   0.0 |   583
               +---------+---------+-------+---------+---------+-------+---------
